 Dungeon Crawl Stone Soup version 0.22-a0-877-g5c4e1afb51 (webtiles) character file.

1999 Htamos the Grappler (level 9, -2/81 HPs)
             Began as a Minotaur Fighter on July 29, 2018.
             Was an Initiate of Gozag.
             Slain by an orc warrior
             ... wielding a +0 glaive of flaming
              (6 damage)
             ... on level 7 of the Dungeon.
             The game lasted 00:08:04 (5162 turns).

Htamos the Grappler (Minotaur Fighter)              Turns: 5162, Time: 00:08:05

Health: -2/81      AC: 14    Str: 23    XL:     9   Next: 2%
Magic:  8/8        EV:  7    Int:  5    God:    Gozag
Gold:   409        SH:  0    Dex: 11    Spells: 8/8 levels left

rFire    . . .     SeeInvis .     - Unarmed
rCold    . . .     Gourm    .   (no shield)
rNeg     . . .     Faith    .   q - +1 plate armour
rPois    .         Spirit   .   (helmet restricted)
rElec    .         Reflect  .   (no cloak)
rCorr    .         Harm     .   (no gloves)
MR       .....                  (no boots)
Stlth    ..........             n - amulet of regeneration
HPRegen  0.63/turn              (no ring)
MPRegen  0.11/turn              (no ring)

@: gold aura
A: retaliatory headbutt, horns 2
a: Potion Petition, Call Merchant, Bribe Branch, Renounce Religion


You were on level 7 of the Dungeon.
You worshipped Gozag.
Gozag was aware of your devotion.
You were very hungry.

You visited 1 branch of the dungeon, and saw 7 of its levels.

You collected 445 gold pieces.
You paid 36 gold pieces to Gozag.

Inventory:

Missiles
 u - 146 stones (quivered)
 v - 10 javelins
Armour
 a - a +0 scale mail
 b - a +0 shield
 e - a +0 chain mail
 q - a +1 plate armour (worn)
Jewellery
 l - a +3 ring of intelligence {unknown}
 n - an amulet of regeneration (around neck)
 s - an uncursed ring of resist corrosion {unknown}
Wands
 y - a wand of polymorph (11)
Scrolls
 f - 7 scrolls of identify
 g - a scroll of enchant armour
 k - a scroll of amnesia
 m - a scroll of teleportation
 o - a scroll of noise
 r - 3 scrolls of remove curse
 t - 2 scrolls of immolation
 w - a scroll of vulnerability {unknown}
 x - a scroll of fog {unknown}
 z - a scroll of silence {unknown}
Potions
 c - a potion of brilliance {unknown}
 h - 2 potions of flight
 i - 3 potions of lignification {unknown}
 j - 2 potions of curing
 p - a potion of degeneration
Comestibles
 d - 15 rations


   Skills:
 + Level 7.9 Fighting
 + Level 7.9 Armour
 - Level 3.6 Shields
 * Level 9.4 Unarmed Combat


You had 8 spell levels left.
You didn't know any spells.
Your spell library contained the following spells:

 Spells                   Type           Power        Failure   Level  Hunger
 Confuse                  Hex            #.......     100%        3    ####...
 Tukima's Dance           Hex            #.......     100%        3    ####...
 Ensorcelled Hibernation  Hex/Ice        #.....       100%        2    ###....
 Corona                   Hex            #......      100%        1    ##.....
 Dazzling Spray           Conj/Hex       #.....       100%        3    ####...


Dungeon Overview and Level Annotations

Branches:
Dungeon (7/15)             Temple (0/1) D:5

Altars:
Ashenzari
Dithmenos
Gozag
Kikubaaqudgha
Sif Muna
Wu Jian
Xom


Innate Abilities, Weirdness & Mutations

You reflexively headbutt those who attack you in melee.
You have a pair of horns on your head.


Message History

Things that are here:
6 gold pieces; a dagger; a robe You hit the orc warrior.
You headbutt the orc warrior.
The orc warrior is moderately wounded.
The orc warrior hits you with a glaive of flaming!!
* * * LOW HITPOINT WARNING * * *
The orc warrior burns you!
* * * LOW HITPOINT WARNING * * *
You are too injured to fight recklessly!
You are too injured to fight recklessly!
You are too injured to fight recklessly!
You hit the orc warrior.
The orc warrior is moderately wounded.
You barely miss the orc warrior. Your punch misses the orc warrior.
The orc warrior is moderately wounded.
The orc warrior hits you with a glaive of flaming!
* * * LOW HITPOINT WARNING * * *
The orc warrior burns you.
You die...
Your body crumbles into a pile of gold.

# . . .## .. ..## ###...
#..# #######...... #..##
#.....$...... ....#
######..#.@$..##..
##..###..##..###o.......
###...##.....##.........
# ##...#....#......###..
##..........#...# .
#.........###..#
##......>## ..# #
###......#### ...
####...........#


You could see an orc warrior.

Vanquished Creatures
  The ghost of wont the Digger, a novice GrEE (D:4)
  A hungry ghost (D:3)
  An ice beast (D:7)
  The ghost of olegrum the Covered, an amateur BaFi (D:3)
  2 centaurs
  An ogre (D:4)
  6 bullfrogs
  3 scorpions
  A howler monkey (D:4)
  2 crimson imps (D:5)
  2 hounds
  2 orc priests
  3 orc wizards
  A bullfrog skeleton (D:2)
  3 iguanas
  3 worker ants
  10 adders
  An ooze (D:1)
  An adder zombie (D:5)
  3 worms
  A dart slug (D:2)
  5 leopard geckos
  14 orcs
  3 giant cockroaches
  8 goblins
  9 hobgoblins
  7 jackals
  8 kobolds
  A quokka (D:2)
  2 ball pythons
  5 bats
  5 frilled lizards
  2 leopard gecko skeletons
  A quokka skeleton (D:4)
  8 rats
127 creatures vanquished.

Notes
Turn   | Place    | Note
-------+----------+-------------------------------------------
     0 | D:1      | Htamos the Minotaur Fighter began the quest for the Orb.
     0 | D:1      | Reached XP level 1. HP: 19/19 MP: 0/0
   290 | D:1      | Reached XP level 2. HP: 27/27 MP: 1/1
   349 | D:1      | Reached skill level 3 in Unarmed Combat
   841 | D:1      | Reached XP level 3. HP: 32/33 MP: 2/2
  1293 | D:2      | Reached XP level 4. HP: 38/41 MP: 3/3
  1322 | D:2      | Found a deep blue altar of Sif Muna.
  1403 | D:2      | Reached skill level 4 in Unarmed Combat
  1846 | D:3      | Noticed a hungry ghost
  1870 | D:3      | Killed a hungry ghost
  1870 | D:3      | Reached skill level 5 in Fighting
  1870 | D:3      | Reached skill level 5 in Armour
  1870 | D:3      | Reached skill level 5 in Unarmed Combat
  1870 | D:3      | Reached XP level 5. HP: 37/48 MP: 4/4
  1901 | D:3      | Reached XP level 6. HP: 32/56 MP: 5/5
  2072 | D:3      | Found an iron altar of Okawaru.
  2074 | D:3      | Found a shimmering altar of Xom.
  2074 | D:3      | Found a shattered altar of Ashenzari.
  2076 | D:3      | Found an ancient bone altar of Kikubaaqudgha.
  2076 | D:3      | Found a shadowy altar of Dithmenos.
  2076 | D:3      | Found an ancient bone altar of Kikubaaqudgha.
  2160 | D:3      | Found a runed door.
  2449 | D:3      | Found a shimmering altar of Xom.
  2714 | D:3      | Noticed olegrum's ghost (amateur BaFi)
  2726 | D:3      | Killed olegrum's ghost
  3025 | D:4      | Found a runed gate.
  3030 | D:4      | Found an opulent altar of Gozag.
  3030 | D:4      | Noticed wont's ghost (novice GrEE)
  3031 | D:4      | Found a runed gate.
  3031 | D:4      | Found a runed gate.
  3036 | D:4      | Reached skill level 6 in Unarmed Combat
  3036 | D:4      | Reached XP level 7. HP: 57/62 MP: 6/6
  3378 | D:4      | Found an ornate altar of the Wu Jian Council.
  3736 | D:4      | Killed wont's ghost
  3736 | D:4      | Reached skill level 7 in Unarmed Combat
  3762 | D:4      | Became a worshipper of Gozag Ym Sagoz the Greedy
  3769 | D:5      | Entered Level 5 of the Dungeon
  3899 | D:5      | Reached XP level 8. HP: 66/71 MP: 7/7
  4307 | D:5      | Found a staircase to the Ecumenical Temple.
  4327 | D:5      | Reached skill level 8 in Unarmed Combat
  4528 | D:6      | Found a shattered altar of Ashenzari.
  4897 | D:7      | Reached skill level 9 in Unarmed Combat
  5156 | D:7      | Reached XP level 9. HP: 78/81 MP: 8/8
  5162 | D:7      | HP: 4/81 [orc warrior/glaive of flaming (15)]
  5162 | D:7      | Slain by an orc warrior

Vault maps used:
D:1:      elethiomel_arrival_shortcut
D:2:      lemuel_doored_altar, first_ration, hangedman_decor_points
D:3:      nicolae_overflow_hidden_temple, ebering_ghost_reflecting_pool,
          doesnt_xom_only_xom
D:4:      kennysheep_little_box, ebering_ghost_gozag, kennysheep_small_circle
D:5:      minmay_temple_entry_trees
D:6:      lemuel_crystal_altar, item_on_display_a
D:7:      vehumet_statue

Skill      XL: |  1  2  3  4  5  6  7  8 |
---------------+-------------------------+-----
Unarmed Combat | 3 5 6 7 9 |  9.4
Fighting       | 4 5 6 7 |  7.9
Armour         | 4 5 6 7 |  7.9
Shields        | |  3.6

Action                   |  1- 3 |  4- 6 |  7- 9 || total
-------------------------+-------+-------+-------++-------
Melee: Unarmed           |    80 |   144 |   184 ||   408
       Headbutt          |    14 |    27 |    31 ||    72
       Punch             |       |     2 |     3 ||     5
  Use: Potion            |       |     1 |     1 ||     2
       Scroll            |       |       |    11 ||    11
  Eat: Chunk             |     1 |     6 |     2 ||     9
       Ration            |       |     1 |     1 ||     2
Armor: Scale mail        |    45 |    17 |       ||    62
       Plate armour      |       |    76 |   103 ||   179
Dodge: Dodged            |    52 |    54 |    53 ||   159

Table legend:
 A = Spawn XP
 B = Non-spawn XP
 C = Spawn XP percentage of total XP
 D = Spawn monster count
 E = Non-spawn monster count
 F = Spawn count percentage of total count
 G = Total turns spent on level
                    A         B        C        D         E        F      G
               +---------+---------+-------+---------+---------+-------+---------
         Total |       0 |    2857 |   0.0 |       0 |     127 |   0.0 |  5162
               +---------+---------+-------+---------+---------+-------+---------
           D:1 |       0 |      41 |   0.0 |       0 |      21 |   0.0 |   969
           D:2 |       0 |     133 |   0.0 |       0 |      27 |   0.0 |   772
           D:3 |       0 |     456 |   0.0 |       0 |      27 |   0.0 |  1175
           D:4 |       0 |     792 |   0.0 |       0 |      21 |   0.0 |   853
           D:5 |       0 |     378 |   0.0 |       0 |       9 |   0.0 |   676
           D:6 |       0 |     461 |   0.0 |       0 |       9 |   0.0 |   376
           D:7 |       0 |     596 |   0.0 |       0 |      13 |   0.0 |   341
               +---------+---------+-------+---------+---------+-------+---------
